 Dungeon Crawl Stone Soup version 0.25.0-9-g26727b657a (webtiles) character file.

Game seed: 12320042394530313725

998 Lanoc the Vandal (level 8, -2/54 HPs)
             Began as a Halfling Abyssal Knight on June 19, 2020.
             Was an Elder of Lugonu.
             Slain by a quokka (4 damage)
             ... summoned by Eustachio
             ... on level 5 of the Dungeon.
             The game lasted 00:10:17 (6978 turns).

Lanoc the Vandal (Halfling Abyssal Knight)          Turns: 6978, Time: 00:10:18

Health: -2/54      AC:  3    Str: 11 (13) XL:     8   Next: 42%
Magic:  11/11      EV: 20    Int:  9 (10) God:    Lugonu [****..]
Gold:   518        SH:  0    Dex: 15 (16) Spells: 7/7 levels left

rFire    + + .     SeeInvis .   b - +0 hunting sling
rCold    + . .     Gourm    .   (shield restricted)
rNeg     . . .     Faith    +   t - +0 leather armour
rPois    +         Spirit   .   (no helmet)
rElec    +         Reflect  .   (no cloak)
rCorr    +         Harm     .   (no gloves)
MR       .....                  (no boots)
Stlth    +.........             r - amulet of faith
HPRegen  0.18/turn              g - ring of protection from fire
MPRegen  0.12/turn              B - +4 ring of evasion

@: resistant
A: small, mutation resistance 1
a: Depart the Abyss, Bend Space, Banish, Corrupt, Renounce Religion


You were on level 5 of the Dungeon.
You worshipped Lugonu.
Lugonu was greatly pleased with you.
You were hungry.

You visited 2 branches of the dungeon, and saw 6 of its levels.
You visited the Abyss 1 time.

You collected 518 gold pieces.

Inventory:

Hand Weapons
 a - a +1 short sword
 b - a +0 hunting sling (weapon)
Missiles
 i - 14 sling bullets (quivered)
 l - 156 stones
Armour
 t - a +0 leather armour (worn)
Jewellery
 g - a ring of protection from fire (left hand)
 r - an amulet of faith (around neck)
 B - a +4 ring of evasion (right hand)
Scrolls
 d - 3 scrolls of remove curse {unknown}
 e - a scroll of magic mapping {unknown}
 f - a scroll of enchant weapon {unknown}
 m - a scroll of identify {unknown}
 q - a scroll of fear {unknown}
 s - 3 scrolls of teleportation {unknown}
 u - a scroll of noise {unknown}
 w - a scroll of immolation {unknown}
 y - a scroll of random uselessness {unknown}
 C - a scroll of enchant armour {unknown}
 G - a scroll of blinking {unknown}
Potions
 h - a potion of cancellation {unknown}
 j - a potion of degeneration
 k - a potion of resistance
 n - a potion of mutation {unknown}
 o - a potion of might {unknown}
 p - 2 potions of berserk rage {unknown}
 v - a potion of stabbing
 x - a potion of invisibility {unknown}
 z - 2 potions of flight {unknown}
 A - 5 potions of curing {unknown}
 D - a potion of ambrosia {unknown}
 E - a potion of heal wounds {unknown}
Comestibles
 c - 13 rations


   Skills:
 + Level 4.5 Fighting
 - Level 2.4 Short Blades
 * Level 6.5 Slings
 + Level 4.9 Armour
 + Level 4.2 Dodging
 + Level 4.5 Invocations


You had 7 spell levels left.
You didn't know any spells.
Your spell library contained the following spells:

 Spells                   Type           Power        Failure   Level  Hunger
 Animate Skeleton         Necr           N/A          45%         1    ##.....
 Apportation              Tloc           #.....       45%         1    ##.....
 Corona                   Hex            #......      45%         1    ##.....
 Summon Small Mammal      Summ           #...         45%         1    ##.....
 Confusing Touch          Hex            #.......     83%         3    ####...
 Gell's Gravitas          Tloc           #.........   83%         3    ####...
 Petrify                  Tmut/Erth      #.......     99%         4    #####..
 Metabolic Englaciation   Hex/Ice        #.........   100%        5    ######.
 Yara's Violent Unravell  Hex/Tmut       #.........   100%        5    ######.


Dungeon Overview and Level Annotations

Branches:
Dungeon (5/15)             Temple (1/1) D:5

Altars:
Fedhas
Hepliaklqana
Okawaru
Ru
Trog
Wu Jian
Xom
Zin
The Shining One

Annotations:
D:5 Eustachio


Innate Abilities, Weirdness & Mutations

You are small and have problems with some larger weapons.
You are somewhat resistant to further mutation.


Message History

It was a potion of degeneration.
There was something very wrong with that liquid.
You feel weakened.
You feel dopey.
You feel clumsy. The bat hits you but does no damage. The quokka misses you.
The ufetubus completely misses you. x2; The shadow imp hits you.
* * * LOW HITPOINT WARNING * * *
The rat completely misses you. The bat closely misses you.
The river rat closely misses you.
Eustachio gestures wildly while chanting.
Eustachio blinks!
It was a potion of resistance.
You feel protected. The bat hits you but does no damage.
The ufetubus misses you. The ufetubus closely misses you.
The quokka completely misses you. The shadow imp hits you.
* * * LOW HITPOINT WARNING * * *
The rat bites you but does no damage. The ufetubus completely misses you.
The ufetubus misses you. The river rat closely misses you.
The quokka bites you.
You die...

#### #####..# #########..
.......# #. #....(....( ......##
#.. ##...(#..$(r ####...# #..#
##.<#### ### ..###..##
#...#####((.## ...###..#
#...(br.[...#######
##..##..####(..ยง@5[....((....##
###.###..##.@..5rr.....####...#
#..##.....####(.....## ###.#
##.......## ###.....## #.##
#.......# ##.###..## #..##
#########..######..# ##..##
##... #...# #..........# ##..#
###. ....# #.##.###..## ##.# ##
....# #.#### #### #.# #


You could see Eustachio, a river rat (summoned), a shadow imp (summoned), an
ufetubus (summoned), a quokka (summoned), a bat (summoned) and a rat (summoned).

Vanquished Creatures
  An ogre (D:5)
  2 centaurs
  A scorpion (D:4)
  3 hounds
  5 orc wizards
  3 orc priests
  2 iguanas (D:4)
  2 worker ants (D:4)
  A hound skeleton (D:4)
  14 adders
  An ufetubus (Abyss:1)
  An ooze (D:1)
  2 worms (D:3)
  8 dart slugs
  4 leopard geckos
  23 orcs
  6 bats
  6 giant cockroaches
  5 goblins
  8 hobgoblins
  6 jackals (D:4)
  2 quokkas
  A ball python (D:2)
  4 frilled lizards
  3 kobolds
  15 rats
129 creatures vanquished.

Notes
Turn   | Place    | Note
-------+----------+-------------------------------------------
     0 | Abyss:1  | Lanoc the Halfling Abyssal Knight began the quest for the
                  | Orb.
     0 | Abyss:1  | Reached XP level 1. HP: 15/15 MP: 2/2
    56 | Abyss:1  | Noticed a small abomination
    76 | Abyss:1  | Noticed a rakshasa
    83 | Abyss:1  | Noticed a titan zombie
    89 | Abyss:1  | Noticed a small abomination
    89 | Abyss:1  | Noticed a thrashing horror
    96 | D:1      | Escaped the Abyss
   267 | D:1      | Reached XP level 2. HP: 17/20 MP: 3/3
   499 | D:1      | Reached * piety under Lugonu
   557 | D:1      | Reached XP level 3. HP: 20/25 MP: 4/4
  1299 | D:2      | Reached XP level 4. HP: 21/31 MP: 5/5
  1407 | D:2      | Reached ** piety under Lugonu
  2028 | D:2      | Reached XP level 5. HP: 25/36 MP: 7/7
  2229 | D:2      | Found a sacrificial altar of Ru.
  2229 | D:2      | Found a blossoming altar of Fedhas.
  2421 | D:2      | Found a bloodstained altar of Trog.
  2424 | D:2      | Found an ornate altar of the Wu Jian Council.
  2691 | D:2      | Reached skill level 1 in Slings
  3601 | D:3      | Reached skill level 2 in Slings
  3601 | D:3      | Reached XP level 6. HP: 22/42 MP: 8/8
  3790 | D:3      | Reached *** piety under Lugonu
  4307 | D:4      | Reached skill level 3 in Slings
  4619 | D:4      | Reached XP level 7. HP: 47/47 MP: 9/9
  4668 | D:4      | Reached skill level 4 in Slings
  4803 | D:4      | Reached **** piety under Lugonu
  5285 | D:4      | Found a shimmering altar of Xom.
  5286 | D:4      | Found a hazy altar of Hepliaklqana.
  5287 | D:4      | Noticed a spectral ugly thing
  5407 | D:4      | Found a blossoming altar of Fedhas.
  5531 | D:4      | Reached skill level 5 in Slings
  5806 | D:4      | Found a glowing golden altar of the Shining One.
  5957 | D:4      | Found an iron altar of Okawaru.
  6007 | D:5      | Entered Level 5 of the Dungeon
  6091 | D:5      | Reached XP level 8. HP: 34/54 MP: 11/11
  6318 | D:5      | Reached skill level 6 in Slings
  6686 | D:5      | Found a staircase to the Ecumenical Temple.
  6693 | Temple   | Entered the Ecumenical Temple
  6900 | D:5      | Found a glowing silver altar of Zin.
  6901 | D:5      | Noticed an angel
  6939 | D:5      | Noticed Eustachio
  6978 | D:5      | HP: 2/54 [shadow imp[Eustachio] (5)]
  6978 | D:5      | Slain by a quokka

Illustrated notes

Levels and vault maps discovered:
D:1:      dpeg_arrival_ratfight, layout_basic
D:2:      layout_loops_ring, chequers_temple_overflow_statue_of_worship,
          first_ration, st_stairs_1, minivault_5
D:3:      layout_basic, serial_bayou, serial_bayou_ford_a,
          serial_bayou_crossing, serial_bayou_pond_c, serial_bayou_pond_d,
          minmay_fountain_box
D:4:      layout_rooms, regret_index_temple_of_mockery, tso_altar,
          kennysheep_little_box, minmay_misc_feat_chi, nrook_mini_backslash,
          fedhas_bush_and_centaur_altar
D:5:      layout_layer_cave, zin_angel, minmay_temple_entry_statues_pillars,
          uniq_eustachio
Temple:   nicolae_temple_figure_eight

Skill      XL: |  1  2  3  4  5  6  7  8 |
---------------+-------------------------+-----
Fighting       | 3 4 |  4.5
Dodging        | 2 3 4 |  4.2
Armour         | 3 4 |  4.9
Invocations    | 3 4 |  4.5
Slings         | 2 3 5 6 |  6.5
Short Blades   | |  2.4

Action                   |  1- 3 |  4- 6 |  7- 9 || total
-------------------------+-------+-------+-------++-------
Melee: Short sword       |   104 |   105 |       ||   209
 Fire: Hunting sling     |       |   214 |   287 ||   501
Invok: Depart the Abyss  |     1 |       |       ||     1
       Bend Space        |       |       |     1 ||     1
  Use: Potion            |     1 |       |     2 ||     3
 Stab: Sleeping          |       |     2 |       ||     2
  Eat: Chunk             |     1 |    11 |     6 ||    18
Armor: Leather armour    |    32 |    26 |    26 ||    84
Dodge: Dodged            |    89 |   138 |   255 ||   482
